 Dungeon Crawl Stone Soup version 0.26-a0-651-gb41185065b (webtiles) character file.

Game seed: 17530427337162305812

387 Apogee the Ruffian (level 6, -14/62 HPs)
             Began as a Troll Berserker on Sept 30, 2020.
             Was a Follower of Ru.
             Demolished by a polar bear (21 damage)
             ... created by the rage of Trog
             ... on level 3 of the Dungeon.
             The game lasted 00:02:54 (1274 turns).

Apogee the Ruffian (Troll Berserker)                Turns: 1274, Time: 00:02:54

Health: -14/62     AC:  6    Str: 26    XL:     6   Next: 49%
Magic:  5/5        EV: 11    Int:  3    God:    Ru [*.....]
Gold:   171        SH:  0    Dex: 11    Spells: 5/5 levels left

rFire    . . .     SeeInvis .     - Unarmed
rCold    . . .     Faith    .   (no shield)
rNeg     . . .     Spirit   .   a - +0 animal skin
rPois    .         Reflect  .   (helmet restricted)
rElec    .         Harm     .   (no cloak)
rCorr    .         Rampage  .   (gloves unavailable)
MR       .....                  (boots unavailable)
Stlth    +.........             (no amulet)
HPRegen  0.60/turn              (no ring)
MPRegen  0.09/turn              (no ring)

@: no status effects
A: large, unfitting armour, claws 3, regeneration 1, shaggy fur 1, tough skin 3,
no ice magic, no summoning magic, no transmutations magic
a: Renounce Religion


You were on level 3 of the Dungeon.
You worshipped Ru.
Ru was aware of your devotion.
You visited 1 branch of the dungeon, and saw 3 of its levels.

You collected 171 gold pieces.

Inventory:

Missiles
 e - 7 boomerangs (quivered)
Armour
 a - a +0 animal skin (worn)
Scrolls
 b - a scroll of immolation {unknown}
 c - 2 scrolls of fog {unknown}
 d - 5 scrolls of identify {unknown}
 g - a scroll of teleportation {unknown}
Potions
 f - a potion of curing {unknown}
 h - a potion of degeneration {unknown}


   Skills:
 + Level 3.6 Fighting
 + Level 3.7 Dodging
 * Level 5.6 Unarmed Combat


You had 5 spell levels left.
You didn't know any spells.
Your spell library was empty.

Dungeon Overview and Level Annotations

Branches:
Dungeon (3/15)

Altars:
Ru


Innate Abilities, Weirdness & Mutations

You are too large for most types of armour.
You have claws for hands.
Your natural rate of healing is unusually fast.
You are covered in fur. (AC +1)
You have extremely tough skin. (AC +3)
You cannot study or cast Ice magic.
You cannot study or cast Summoning magic.
You cannot study or cast Transmutations magic.


Message History

2 polar bears and 3 black bears come into view.
Okay, then.
A jackal comes into view.
The jackal barks!
A jackal comes into view.
The polar bear rages.
The black bear rages.
The polar bear bites you!! The polar bear claws you.
The polar bear closely misses you.
The black bear rages.
The polar bear rages.
The black bear rages.
The polar bear bites you.
The polar bear claws you but does no damage.
The polar bear completely misses you.
The black bear rages.
A bat comes into view.
You hear an angry growl. x2
The black bear bites you.
* * * LOW HITPOINT WARNING * * *
The black bear claws you.
* * * LOW HITPOINT WARNING * * *
The black bear closely misses you.
The jackal bites you but does no damage.
The bat moves out of view.
You hear an angry growl.
The bat misses you. The black bear bites you.
* * * LOW HITPOINT WARNING * * *
The black bear barely misses you. The black bear closely misses you.
Found a scroll labeled IGGIRPH XILY.
The bat closely misses you. The bat misses you.
The black bear completely misses you.
The black bear claws you but does no damage.
The black bear closely misses you. The bat hits you but does no damage.
The bat closely misses you.
The polar bear rages.
The bat hits you but does no damage. The polar bear barely misses you. x2
The polar bear claws you but does no damage.
The bat hits you but does no damage.
The black bear rages. x2
The bat hits you. The polar bear bites you!!
* * * LOW HITPOINT WARNING * * *
The polar bear claws you.
* * * LOW HITPOINT WARNING * * *
The polar bear barely misses you. The polar bear misses you.
The polar bear closely misses you. The polar bear barely misses you.
The bat hits you but does no damage.
The black bear rages.
The polar bear rages.
The polar bear bites you!!
You die...

......###..###.#.# .......#
##.# .......####.#
#.......##.##
##.######.......##..# # .#
......?.........###.##.#...#
................##.......#.
.....#8#.....h..##(........#
#.....#.....hbhh@..........#
.............hh###.........#
#..........#..###.......#.#
##..........##..##.......# #
.................#####.#.#
.................# .#.#
.....####........# .. #
....## ##......## ....#
#.....#8#


You could see 2 polar bears, 3 black bears, a jackal and a bat.

Vanquished Creatures
  Sigmund (D:2)
  An orc wizard (D:3)
  Jessica (D:2)
  Natasha (thrice) (D:2)
  2 adders
  2 oozes
  3 dart slugs
  3 leopard geckos
  3 orcs (D:3)
  2 giant cockroaches (D:3)
  6 goblins
  7 hobgoblins
  6 jackals
  9 kobolds
  2 quokkas
  A ball python (D:2)
  7 bats
  A frilled lizard (D:2)
  5 rats (D:1)
65 creatures vanquished.

Notes
Turn   | Place    | Note
-------+----------+-------------------------------------------
     0 | D:1      | Apogee the Troll Berserker began the quest for the Orb.
     0 | D:1      | Reached XP level 1. HP: 22/22 MP: 0/0
   117 | D:1      | Reached XP level 2. HP: 29/29 MP: 1/1
   253 | D:1      | Reached XP level 3. HP: 36/36 MP: 2/2
   260 | D:1      | Reached ** piety under Trog
   479 | D:2      | Noticed Sigmund
   495 | D:2      | Killed Sigmund
   495 | D:2      | Reached skill level 4 in Unarmed Combat
   495 | D:2      | Reached XP level 4. HP: 2/45 MP: 3/3
   495 | D:2      | Reached XP level 5. HP: 3/53 MP: 4/4
   645 | D:2      | Reached skill level 5 in Unarmed Combat
   665 | D:2      | Found a faded altar of an unknown god.
   694 | D:2      | Fell from the grace of Trog
   694 | D:2      | Became a worshipper of Ru the Awakened
   698 | D:2      | Gained mutation: You cannot study or cast Ice magic. [Ru
                  | sacrifice]
   698 | D:2      | Gained mutation: You cannot study or cast Transmutations
                  | magic. [Ru sacrifice]
   698 | D:2      | Gained mutation: You cannot study or cast Summoning magic.
                  | [Ru sacrifice]
   698 | D:2      | Reached * piety under Ru
   705 | D:2      | Noticed Natasha
   710 | D:2      | Killed Natasha
   727 | D:2      | Noticed Jessica
   731 | D:2      | Killed Jessica
   731 | D:2      | Reached XP level 6. HP: 61/61 MP: 5/5
   757 | D:2      | Noticed Natasha
   761 | D:2      | Killed Natasha
   959 | D:2      | Noticed Natasha
   965 | D:2      | Killed Natasha
  1257 | D:3      | Noticed a polar bear
  1257 | D:3      | Noticed a polar bear
  1274 | D:3      | Demolished by a polar bear

Illustrated notes

Levels and vault maps discovered:
D:1:      shiori_arrival_oz, layout_rooms
D:2:      layout_rooms, chequers_ecumenical_altar_simple_redux, uniq_sigmund,
          uniq_natasha, uniq_jessica
D:3:      layout_basic, ebering_ghost_disaster_area,
          kennysheep_decorative_pillar

Skill      XL: |  1  2  3  4  5 |
---------------+----------------+-----
Fighting       | 3 |  3.6
Dodging        | 3 |  3.7
Unarmed Combat | 4 5 |  5.6

Action                   |  1- 3 |  4- 6 || total
-------------------------+-------+-------++-------
Melee: Unarmed           |    79 |   105 ||   184
       Punch             |     1 |     1 ||     2
Invok: Sacrifice Arcana  |       |     1 ||     1
Armor: Animal skin       |    32 |    50 ||    82
Dodge: Dodged            |    39 |    74 ||   113

Table legend: (Time is in decaauts)
 A = Elapsed time spent in this place.
 B = Non-inter-level travel time spent in this place.
 C = Inter-level travel time spent in this place.
 D = Time resting spent in this place.
 E = Time spent auto-exploring this place.
 F = Levels seen in this place.
 G = Mean time per level.
                   A        B        C        D        E       F      G
               +--------+--------+--------+--------+--------+-----+--------+
         Total |   1265 |   1239 |     26 |     84 |    763 |   3 |  421.7 |
       Dungeon |   1265 |   1239 |     26 |     84 |    763 |   3 |  421.7 |
               +--------+--------+--------+--------+--------+-----+--------+

Top non-repeatable levels by time:
     D:2: 600 daAuts
     D:1: 518 daAuts
     D:3: 147 daAuts
